 Dungeon Sprint DCSS version 0.27-a0-522-g46bbb28828 (webtiles) character file.

Game seed: 8928034918702845537

19948 rocky1 the Blocker (level 13, -18/113 HPs)
             Began as a Formicid Fighter on Mar 2, 2021.
             Was the Champion of Cheibriados.
             Hit by a large rock thrown by a stone giant (31 damage)
             ... in the Dungeon (Sprint IX: "|||||||||||||||||||||||||||||") on Mar 5, 2021.
             The game lasted 00:17:09 (3024 turns).

rocky1 the Blocker (Formicid Fighter)               Turns: 3024, Time: 00:17:09

Health: -18/113    AC: 21    Str: 41    XL:     13   Next: 8%
Magic:  20/23      EV: 24    Int: 23    God:    Cheibriados [******]
Gold:   435        SH: 17    Dex: 25    Spells: 12/12 levels left

rFire    . . .     SeeInvis +   l - +2 scimitar (distort)
rCold    . . .     Faith    .   c - +0 kite shield
rNeg     + . .     Spirit   .   a - +1 chain mail {rN+}
rPois    .         Reflect  .   (helmet unavailable)
rElec    .         Harm     .   s - +1 cloak
rCorr    .         Rampage  .   C - +1 pair of gloves
Will     +....                  D - +1 pair of boots
Stlth    ..........             (no amulet)
HPRegen  0.28/turn              b - +2 ring of evasion
MPRegen  0.18/turn              A - +4 ring of protection

@: corroded, very slow
A: permanent stasis, dig shafts and tunnels, antennae 3, four strong arms
a: Dig, Renounce Religion, Bend Time, Temporal Distortion, Slouch, Step From
Time


You were in the Dungeon.
You worshipped Cheibriados.
Cheibriados was exalted by your worship.
You visited 1 branch You collected 1863 gold pieces.
You spent 1428 gold pieces at shops.

Inventory:

Hand Weapons
 k - a +3 scimitar of flaming
 l - a +2 scimitar of distortion (weapon)
 m - a +2 broad axe of flaming
 v - a +2 battleaxe of draining
Armour
 a - a +1 chain mail of positive energy (worn)
 c - a +0 kite shield (worn)
 n - the +8 plate armour of Ru's Hope {rElec rC- rCorr SInv}
   (You bought it in a shop in the Dungeon)

   It makes you vulnerable to cold.
   It insulates you from electricity.
   It lets you see invisible.
   It provides partial protection from all sources of acid and corrosion.
 s - a +1 cloak (worn)
 w - a +3 plate armour of positive energy
 C - a +1 pair of gloves (worn)
 D - a +1 pair of boots (worn)
 E - the +1 plate armour of Modesty {*Slow rCorr Slay+2}
   (You found it in the Dungeon)

   It affects your accuracy and damage with ranged weapons and melee attacks
   (+2).
   It provides partial protection from all sources of acid and corrosion.
   It may slow you when you take damage.
Jewellery
 b - a +2 ring of evasion (left hand)
 y - a ring of willpower
 z - a ring of poison resistance
 A - a +4 ring of protection (right hand)
 B - a ring of protection from fire
Wands
 j - a wand of iceblast (6)
 x - a wand of polymorph (7)
Scrolls
 i - 2 scrolls of amnesia
 p - 4 scrolls of identify
 q - 4 scrolls of enchant armour
 r - 6 scrolls of enchant weapon
 F - a scroll of fog
 G - a scroll of fear
Potions
 d - 8 potions of heal wounds
 e - 4 potions of curing
 f - a potion of brilliance
 g - 4 potions of magic
 h - a potion of mutation


   Skills:
 - Level 14.0 Fighting
 + Level 13.7 Long Blades
 + Level 5.4 Axes
 - Level 13.9 Armour
 - Level 11.6 Dodging
 - Level 14.9 Shields
 - Level 14.1 Invocations
 + Level 8.7 Evocations


You had 12 spell levels left.
You didn't know any spells.
Your spell library was empty.

Dungeon Overview and Level Annotations

Branches:
Dungeon (1/1)

Altars:
Cheibriados
Dithmenos
Elyvilon
Fedhas
Gozag
Hepliaklqana
Kikubaaqudgha
Makhleb
Nemelex Xobeh
Okawaru
Qazlal
Ru
Sif Muna
Trog
Uskayaw
Vehumet
Wu Jian
Xom
Yredelemnul
Zin
The Shining One
Beogh
Jiyva
Lugonu

Shops:
D [*([


Innate Abilities, Weirdness & Mutations

You cannot be hasted, slowed, berserked, paralysed or teleported.
You can dig through walls and to a lower floor.
You have a pair of large antennae on your head. (SInv)
Your four strong arms can wield two-handed weapons with a shield.


Message History

The stone giant barely misses you.
You hit the stone giant but do no damage.
Space warps horribly around the stone giant!
The stone giant is severely wounded.
You slash the stone giant!
Space bends around the stone giant.
The stone giant is almost dead.
The stone giant misses you.
You hit the stone giant.
The stone giant is almost dead.
The stone giant blinks!
The stone giant throws a large rock.
The large rock hits you!! The stone giant hits you!
The wizard's eyes start to glow.
You block the stone giant's attack.
The wizard howls an incantation.
You feel troubled.
You see here a very ugly thing corpse.
You slash the stone giant!
The stone giant is lightly wounded.
The stone giant blinks!
The stone giant hits you!!
* * * LOW HITPOINT WARNING * * *
Okay, then.
You feel much better.
The wizard points at you and mumbles some strange words.
You resist with some effort. The stone giant hits you!!
* * * LOW HITPOINT WARNING * * *
Unknown command.
The flow of time bends around you.
The stone giant resists with some effort.
Cheibriados rebukes the wizard.
The wizard seems to slow down.
The stone giant barely misses you.
You riposte.
You hit the stone giant.
Space bends around the stone giant.
The stone giant is almost dead.
You block the wizard's attack.
You hit the stone giant.
Space warps horribly around the stone giant!
You kill the stone giant!
Cheibriados appreciates the change of pace.
The stone giant throws a large rock.
The large rock hits you!!
You die... { { {{{{{{{{{ {{{{{{{{{

▓▓▓▓▓▓▓▓▓▓▓▓▓▓▓▓▓▓▓▓▓▓▓▓
.....[))'))...C(@pp.....
▓▓▓▓▓▓▓▓▓▓▓▓▓▓▓▓▓▓▓▓▓▓▓▓▓▓▓▓▓▓▓▓▓
.................................
▓▓▓▓▓▓▓▓▓▓▓▓▓▓▓▓▓▓▓▓▓▓▓▓▓▓▓▓▓▓▓▓▓
).....')))..∩.∩)∩)∩.....'........
▓▓▓▓▓▓▓▓▓▓▓▓▓▓▓▓▓▓▓▓▓▓▓▓▓▓▓▓▓▓▓▓▓
..............................)..
▓▓▓▓▓▓▓▓▓▓▓▓▓▓▓▓▓▓▓▓▓▓▓▓▓▓▓▓▓▓▓▓▓
......†††.......(.))'....[[..'...


You could see a stone giant and 2 wizards.

Vanquished Creatures
  A very ugly thing (D)
  A stone giant (D)
  An ettin (D)
  A rakshasa (D)
  A boulder beetle (D)
  A two-headed ogre (D)
  A tengu warrior (D)
  4 orc high priests (D)
  2 orc knights (D)
  A deep elf pyromancer (D)
  A cyclops (D)
  A manticore (D)
  2 orc sorcerers (D)
  A black mamba (shapeshifter) (D)
  A black mamba (D)
  A gargoyle (D)
  2 cane toads (D)
  A rime drake (D)
  3 komodo dragons (D)
  An efreet (D)
  A troll (D)
  2 hornets (D)
  3 tyrant leeches (D)
  A blink frog (D)
  A wraith (D)
  A yak (D)
  A wyvern (D)
  Eustachio (D)
  A basilisk (D)
  2 vampire mosquitoes (D)
  A water moccasin (D)
  10 orc warriors (D)
  A black bear (D)
  2 wolves (D)
  A centaur (D)
  4 bullfrogs (D)
  A wight (D)
  5 orc priests (D)
  An orc wizard (D)
  A worker ant (D)
  An adder (D)
  An ufetubus (D)
  14 orcs (D)
  A bat (D)
  A quokka (D)
  4 frilled lizards (D)
  A goblin (D)
92 creatures vanquished.

Vanquished Creatures (others)
  An orc knight (D)
  A bullfrog (D)
2 creatures vanquished.

Grand Total: 94 creatures vanquished

Notes
Turn   | Place    | Note
-------+----------+-------------------------------------------
     0 | D        | rocky1 the Formicid Fighter began the quest for the Orb.
     0 | D        | Reached XP level 1. HP: 18/18 MP: 1/1
    27 | D        | Reached skill level 1 in Dodging
    27 | D        | Reached XP level 2. HP: 20/25 MP: 2/2
    38 | D        | Reached XP level 3. HP: 25/30 MP: 3/3
   190 | D        | Found a roughly hewn altar of Beogh.
   190 | D        | Found a snail-covered altar of Cheibriados.
   190 | D        | Found a shadowy altar of Dithmenos.
   190 | D        | Found a white marble altar of Elyvilon.
   190 | D        | Found a blossoming altar of Fedhas.
   190 | D        | Found an opulent altar of Gozag.
   191 | D        | Found a hazy altar of Hepliaklqana.
   192 | D        | Found a viscous altar of Jiyva.
   193 | D        | Found an ancient bone altar of Kikubaaqudgha.
   194 | D        | Became a worshipper of Cheibriados the Contemplative
   195 | D        | Found a corrupted altar of Lugonu.
   196 | D        | Found a burning altar of Makhleb.
   197 | D        | Found a sparkling altar of Nemelex Xobeh.
   198 | D        | Found an iron altar of Okawaru.
   199 | D        | Found a stormy altar of Qazlal.
   200 | D        | Found a sacrificial altar of Ru.
   201 | D        | Found a shimmering blue altar of Sif Muna.
   202 | D        | Found a bloodstained altar of Trog.
   203 | D        | Found a hide-covered altar of Uskayaw.
   204 | D        | Found a radiant altar of Vehumet.
   205 | D        | Found an ornate altar of the Wu Jian Council.
   206 | D        | Found a shimmering altar of Xom.
   207 | D        | Found a basalt altar of Yredelemnul.
   208 | D        | Found a glowing silver altar of Zin.
   209 | D        | Found a glowing golden altar of the Shining One.
   254 | D        | Noticed a wraith
   254 | D        | Noticed a troll
   254 | D        | Noticed a hornet
   254 | D        | Noticed a hornet
   278 | D        | Killed a wraith
   278 | D        | Reached * piety under Cheibriados
   279 | D        | Reached XP level 4. HP: 32/40 MP: 3/7
   279 | D        | Reached XP level 5. HP: 37/46 MP: 3/8
   281 | D        | Killed a troll
   282 | D        | Reached skill level 5 in Dodging
   282 | D        | Reached XP level 6. HP: 18/55 MP: 3/10
   282 | D        | Reached XP level 7. HP: 20/60 MP: 3/11
   284 | D        | Killed a hornet
   296 | D        | Killed a hornet
   296 | D        | Reached ** piety under Cheibriados
   297 | D        | Reached XP level 8. HP: 11/69 MP: 5/13
   575 | D        | Noticed a manticore
   575 | D        | Noticed a two-headed ogre
   575 | D        | Noticed a cyclops
   586 | D        | Killed a manticore
   586 | D        | Reached *** piety under Cheibriados
   597 | D        | Killed a two-headed ogre
   598 | D        | Reached skill level 10 in Shields
   598 | D        | Reached XP level 9. HP: 64/78 MP: 15/15
   617 | D        | Reached skill level 10 in Fighting
   620 | D        | Reached **** piety under Cheibriados
   629 | D        | Killed a cyclops
   630 | D        | Reached skill level 10 in Armour
  1073 | D        | Noticed a six-headed hydra
  1073 | D        | Noticed a rime drake
  1073 | D        | Noticed a komodo dragon
  1077 | D        | Upgraded the game from 0.27-a0-489-g24c7b1a3ef to
                  | 0.27-a0-522-g46bbb28828
  1088 | D        | Banished a ten-headed hydra
  1089 | D        | Reached skill level 10 in Invocations
  1089 | D        | Reached XP level 10. HP: 12/86 MP: 17/17
  1089 | D        | Reached ***** piety under Cheibriados
  1403 | D        | Killed a rime drake
  1414 | D        | Reached ****** piety under Cheibriados
  1415 | D        | Reached skill level 10 in Long Blades
  1417 | D        | Killed a komodo dragon
  1615 | D        | Noticed a komodo dragon
  1615 | D        | Noticed a death yak
  1615 | D        | Noticed a black mamba
  1619 | D        | Noticed a komodo dragon
  1621 | D        | Noticed a boulder beetle
  1622 | D        | Banished a death yak
  1624 | D        | Killed a komodo dragon
  1627 | D        | Killed a black mamba
  1628 | D        | Reached XP level 11. HP: 95/95 MP: 19/19
  1644 | D        | Killed a boulder beetle
  1737 | D        | Reached skill level 10 in Dodging
  1913 | D        | Noticed Eustachio
  1918 | D        | Killed Eustachio
  2002 | D        | Noticed an ettin
  2025 | D        | Killed an ettin
  2267 | D        | Noticed an orc knight
  2267 | D        | Noticed an orc knight
  2272 | D        | Killed an orc knight
  2273 | D        | Reached skill level 1 in Evocations
  2281 | D        | Killed an orc knight
  2302 | D        | Reached XP level 12. HP: 73/105 MP: 21/21
  2492 | D        | Found Eczaor's Armour Emporium.
  2492 | D        | Noticed an orc high priest
  2492 | D        | Noticed an orc high priest
  2494 | D        | Noticed a sun demon
  2502 | D        | Found Laetweho's General Store.
  2508 | D        | Noticed a sun demon
  2514 | D        | Noticed a soul eater
  2514 | D        | Killed an orc high priest
  2523 | D        | Killed an orc high priest
  2537 | D        | Found Aliase's Antique Weapon Emporium.
  2541 | D        | Found Faoc's Antique Armour Shoppe.
  2543 | D        | Noticed an orc high priest
  2547 | D        | Killed an orc high priest
  2550 | D        | Noticed an orc high priest
  2557 | D        | Noticed a sun demon
  2560 | D        | Reached skill level 5 in Evocations
  2566 | D        | Killed an orc high priest
  2622 | D        | Bought an ichor-stained plate armour for 560 gold pieces
  2622 | D        | Identified the +8 plate armour of Ru's Hope {rElec rC-
                  | rCorr SInv} (You bought it in a shop in the Dungeon)
  2624 | D        | Bought a glowing battleaxe for 190 gold pieces
  2628 | D        | Bought a +3 plate armour of positive energy for 546 gold
                  | pieces
  2630 | D        | Bought a scroll of identify for 24 gold pieces
  2630 | D        | Bought a wand of polymorph (7) for 108 gold pieces
  2789 | D        | Noticed Erica
  2792 | D        | Banished Erica
  2876 | D        | Got the +1 plate armour of Modesty {*Slow rCorr Slay+2}
  2924 | D        | Noticed a tengu warrior
  2932 | D        | Killed a tengu warrior
  2941 | D        | Reached skill level 1 in Axes
  2946 | D        | Noticed a rakshasa
  2952 | D        | Noticed a great orb of eyes
  2965 | D        | Banished a great orb of eyes
  2970 | D        | Killed a rakshasa
  2971 | D        | Reached XP level 13. HP: 102/113 MP: 23/23
  2999 | D        | Noticed a stone giant
  3000 | D        | Noticed a brown very ugly thing
  3001 | D        | Noticed a stone giant
  3013 | D        | Killed a brown very ugly thing
  3014 | D        | Reached skill level 5 in Axes
  3024 | D        | Killed a stone giant
  3024 | D        | Hit by a large rock thrown by a stone giant

Illustrated notes

Levels and vault maps discovered:
D:        linesprint [early_d, line_temple, items_1, d_10, items_2, lair_1,
          lair_end, items_3, orc_1, orc_end, items_4, d_15, swamp_1, shoals_1,
          snake_1, spider_1, d_20, vaults_1, items_5, swamp_end, shoals_end,
          snake_end, spider_end, vaults_end, d_27, items_6, zot_1, zot_end,
          crypt_end, forest_end, elf_end, slime_end, tomb_end, abyss_end,
          pan_hell_end]

Skill      XL: |  1  2  3  4  5  6  7  8  9 10 11 12 13 |
---------------+----------------------------------------+-----
Shields        | 4 6 7 8 10 11 12 14 | 14.9
Dodging        | 1 2 3 5 6 7 8 9 10 11 | 11.6
Armour         | 4 6 7 8 9 10 11 13 | 13.9
Fighting       | 4 6 7 8 9 10 11 13 14 | 14.0
Long Blades    | 3 4 6 7 8 9 10 12 13 | 13.7
Invocations    | 4 6 7 9 10 11 13 14 | 14.1
Evocations     | 2 8 |  8.7
Axes           | 4 5 |  5.4

Action                   |  1- 3 |  4- 6 |  7- 9 | 10-12 | 13-15 || total
-------------------------+-------+-------+-------+-------+-------++-------
Melee: Long sword        |    47 |     3 |    65 |       |       ||   115
       Scimitar          |       |       |    10 |   240 |    19 ||   269
Invok: Bend Time         |       |       |       |       |     1 ||     1
Evoke: Wand              |       |       |       |     4 |       ||     4
  Use: Potion            |     3 |       |     4 |     1 |     1 ||     9
Armor: Scale mail        |    14 |     1 |    12 |     9 |       ||    36
       Chain mail        |       |       |       |    15 |     4 ||    19
Dodge: Dodged            |    24 |     3 |    62 |    97 |     4 ||   190
Block: Kite shield       |    30 |     4 |    58 |   137 |     7 ||   236
       Rpst.: Long sword |     5 |     1 |    12 |       |       ||    18
       Scimitar          |       |       |     1 |    25 |     2 ||    28

Table legend: (Time is in decaauts)
 A = Elapsed time spent in this place.
 B = Non-inter-level travel time spent in this place.
 C = Inter-level travel time spent in this place.
 D = Time resting spent in this place.
 E = Time spent auto-exploring this place.
 F = Levels seen in this place.
 G = Mean time per level.
                   A        B        C        D        E       F      G
               +--------+--------+--------+--------+--------+-----+--------+
         Total |   3577 |   3577 |      0 |   1802 |      0 |   1 | 3577.0 |
       Dungeon |   3577 |   3577 |      0 |   1802 |      0 |   1 | 3577.0 |
               +--------+--------+--------+--------+--------+-----+--------+

Top non-repeatable levels by time:
       D: 3577 daAuts
